AoeStats
← Nidhogg

Arena

510258706Analyzed
4v4 RM · 1d ago on Sep 30, 2026· 54m 18s· 8 players
Game mode
Random Map
Map size
Large (8 player)
Population
200
Speed
Normal
Resources
Standard
Victory
Conquest
Starting age
Dark Age
Ending age
Imperial Age
RankedLock teamsTeams togetherTeam positionsShared explorationLock speedFull tech treeHidden civsTurbo modeCheats
Victory
Defeat
🇻🇳 Romans · Vietnam
1376
+13
🇻🇳 Persians · Vietnam
1330
+15
🇲🇽 Malians · Mexico
1262
+17
🇩🇪 Ethiopians · Germany
1254
+18
🇨🇳 Romans · China
1349
-18
🇦🇺 Franks · Australia
1306
-16
🇦🇺 Varangians · Australia
1290
-15
🇹🇷 Maya · Türkiye
1255
-14
Simo
11:16 Feudal Age
13:58 Town Watch
14:10 Town Watch
16:42 Castle Age
17:05 Loom
18:51 Double-Bit Axe
20:35 Forging
22:55 Gold Mining
25:03 Gold Shaft Mining
38:04 Stone Mining
44:26 Imperial Age
43:43 Wheelbarrow
44:54 Fervor
44:50 Town Watch
45:21 Hand Cart
44:30 Capped Ram
48:17 Conscription
50:45 Scale Barding Armor
51:16 Iron Casting
50:08 Light Cavalry
50:49 Fletching
51:34 Husbandry
Nidhogg
0:27 Loom
10:49 Feudal Age
11:57 Double-Bit Axe
14:30 Castle Age
12:46 Horse Collar
12:57 Gold Mining
15:31 Bow Saw
29:59 Crossbowman
38:13 Thumb Ring
38:03 Fletching
39:52 Bodkin Arrow
42:59 Imperial Age
41:34 Pikeman
43:28 Padded Archer Armor
43:15 Arbalester
44:39 Squires
47:11 Elite Skirmisher
49:13 Bracer
49:14 Scale Mail Armor
49:20 Hul'che Javelineers
用爱感化队友
10:29 Feudal Age
14:04 Castle Age
12:33 Double-Bit Axe
13:00 Horse Collar
15:14 Bow Saw
22:53 Wheelbarrow
23:22 Loom
23:23 Town Watch
24:19 Heavy Plow
24:15 Fletching
24:25 Padded Archer Armor
24:58 Gold Mining
28:46 Imperial Age
27:40 Gold Shaft Mining
28:11 Scale Barding Armor
28:17 Forging
28:49 Hand Cart
29:15 Bloodlines
29:06 Husbandry
29:50 Conscription
29:35 Ballistas
28:55 Light Cavalry
29:44 Stone Mining
30:24 Cavalier
30:47 Capped Ram
31:47 Town Patrol
33:41 Chain Barding Armor
33:57 Iron Casting
35:57 Crop Rotation
36:05 Plate Barding Armor
37:34 Blast Furnace
36:37 Siege Ram
39:01 Comitatenses
39:37 Heavy Scorpion
40:44 Ballistics
40:35 Fortified Wall
44:10 Scale Mail Armor
45:56 Bodkin Arrow
46:16 Leather Archer Armor
46:33 Elite Centurion
47:08 Pikeman
47:49 Squires
47:44 Halberdier
48:59 Comitatenses
49:31 Chain Mail Armor
49:48 Ring Archer Armor
49:22 Caravan
49:53 Coinage
49:34 Guilds
50:34 Elite Centurion
RemarkabLeigh
11:20 Feudal Age
15:22 Castle Age
13:12 Horse Collar
13:19 Double-Bit Axe
16:52 Bow Saw
17:11 Heavy Plow
18:01 Wheelbarrow
23:15 Hand Cart
24:29 Stone Mining
24:30 Gold Mining
25:31 Fortified Wall
25:25 Town Watch
25:40 Treadmill Crane
29:21 Imperial Age
27:50 Stone Shaft Mining
27:54 Scale Barding Armor
27:59 Forging
28:20 Loom
29:14 Chain Barding Armor
30:31 Iron Casting
30:22 Ballistics
31:04 Chemistry
30:47 Coinage
31:18 Plate Barding Armor
31:15 Bloodlines
31:05 Husbandry
31:03 Cavalier
32:05 Conscription
31:29 Vendel Legacy
33:26 Blast Furnace
33:36 Fletching
33:45 Murder Holes
34:01 Masonry
34:16 Squires
33:59 Pikeman
34:58 Scale Mail Armor
36:01 Banking
35:54 Chain Mail Armor
35:12 Halberdier
37:13 Plate Mail Armor
41:43 Bodkin Arrow
47:13 Caravan
48:36 Guilds
48:52 Bracer
50:17 Arson
AblaZe Bruda
10:11 Feudal Age
14:31 Castle Age
14:37 Castle Age
12:36 Double-Bit Axe
13:36 Horse Collar
14:36 Loom
16:32 Bow Saw
16:15 Fletching
16:25 Padded Archer Armor
18:18 Crossbowman
20:06 Heavy Plow
20:10 Padded Archer Armor
20:53 Bodkin Arrow
24:27 Wheelbarrow
23:37 Town Watch
25:22 Leather Archer Armor
26:10 Gold Mining
27:42 Thumb Ring
28:50 Hand Cart
30:14 Ballistics
30:04 Masonry
34:44 Imperial Age
35:12 Masonry
36:32 Chemistry
35:11 Arbalester
36:47 Bracer
37:18 Ring Archer Armor
39:22 Gold Shaft Mining
45:22 Siege Engineers
45:49 Architecture
53:44 Caravan
TanLN
10:37 Feudal Age
14:46 Castle Age
12:51 Double-Bit Axe
13:17 Horse Collar
15:49 Wheelbarrow
14:52 Pikeman
15:32 Squires
16:04 Bow Saw
17:25 Squires
20:01 Scale Mail Armor
21:39 Chain Mail Armor
22:32 Loom
24:35 Heavy Plow
27:44 Forging
31:30 Bloodlines
31:20 Husbandry
31:37 Scale Barding Armor
32:07 Iron Casting
33:03 Light Cavalry
43:29 Hand Cart
43:06 Gold Mining
43:42 Man-at-Arms
45:07 Gold Shaft Mining
45:46 Long Swordsman
49:16 Imperial Age
46:45 Stone Mining
50:32 Ballistics
49:50 Legionary
50:36 Heavy Scorpion
51:18 Capped Ram
53:40 Siege Engineers
55:28 Chemistry
HuynhSon
4:55 Loom
11:18 Feudal Age
16:01 Castle Age
15:34 Double-Bit Axe
16:44 Bow Saw
22:55 Horse Collar
25:14 Heavy Plow
25:06 Stone Mining
26:24 Wheelbarrow
27:29 Stone Shaft Mining
31:18 Imperial Age
29:03 Scale Barding Armor
30:38 Chain Barding Armor
31:38 Kamandaran
32:00 Conscription
32:34 Plate Barding Armor
32:00 Husbandry
32:12 Bloodlines
32:22 Forging
32:31 Gold Mining
33:50 Chemistry
34:13 Gold Shaft Mining
34:15 Crop Rotation
34:04 Hand Cart
34:33 Devotion
35:11 Iron Casting
35:17 Ballistics
35:33 Fletching
37:41 Blast Furnace
37:34 Bodkin Arrow
41:37 Faith
42:23 Hoardings
42:09 Padded Archer Armor
43:21 Leather Archer Armor
44:04 Citadels
45:13 Ring Archer Armor
50:32 Caravan
51:44 Light Cavalry
52:23 Hussar
Naco y Estúpido
11:19 Feudal Age
12:17 Double-Bit Axe
15:11 Castle Age
13:39 Double-Bit Axe
13:35 Horse Collar
14:55 Loom
16:07 Fletching
21:50 Gold Mining
22:38 Scale Mail Armor
23:08 Arson
23:43 Bow Saw
23:43 Stone Mining
24:43 Chain Mail Armor
25:54 Forging
26:51 Wheelbarrow
28:06 Iron Casting
29:42 Gold Shaft Mining
29:42 Stone Shaft Mining
29:18 Bodkin Arrow
29:54 Town Watch
31:33 Stone Shaft Mining
31:50 Hand Cart
33:48 Masonry
36:28 Imperial Age
34:18 Heavy Plow
35:32 Fortified Wall
35:49 Scale Barding Armor
36:44 Bloodlines
36:34 Husbandry
36:43 Heavy Camel Rider
37:45 Chain Barding Armor
37:28 Farimba
37:49 Conscription
38:05 Hoardings
39:25 Plate Barding Armor
40:02 Ballistics
43:35 Architecture
49:19 Chemistry
53:22 Plate Mail Armor
53:18 Elite Gbeto
54:42 Squires
Connection lost

Rejoining the realm…

Still unreachable

The connection could not be restored.

Session expired

The server has moved on; the page needs a fresh start.